 Dungeon Crawl Stone Soup version 0.30-a0-1160-g6e42c06551 (console) character file.

Game seed: 7864709760187059769

103087 Kenran the Warrior (level 15, -20/132 HPs)
             Began as a Minotaur Hunter on Apr 23, 2023.
             Was the Champion of Hepliaklqana.
             Demolished by a white very ugly thing (25 damage)
             ... on level 3 of the Abyss on Apr 25, 2023.
             The game lasted 01:30:35 (23285 turns).

Kenran the Warrior (Minotaur Hunter)               Turns: 23285, Time: 01:30:35

Health: -20/132    AC: 20    Str: 17    XL:     15   Next: 88%
Magic:  25/25      EV: 16    Int:  6    God:    Hepliaklqana [******]
Gold:   2216       SH:  0    Dex: 16    Spells: 14/14 levels left

rFire   + .          .
                       - Unarmed
rCold   + . .        (no shield)
rNeg    . . .        N - +2 ring mail of the King of the Hill {rElec rC++}
rPois   .            H - +2 hat {SInv}
rElec   +            X - +1 cloak
rCorr   .            f - +0 pair of gloves
SInv    +            t - +1 pair of boots {Fly}
Will    +....        c - amulet of regeneration Stlth
                     K - +4 ring of protection
HPRegen 1.22/turn    s - ring of fire
MPRegen 0.19/turn

%: random rage (9%)
@: berserking, flying, studying Invocations, very quick
A: reduced essence, horns 2, retaliatory headbutt, [berserk 2], [clumsy 2],
[frail 3], [subdued magic 2]
a: Renounce Religion, Recall Ancestor, Ancestor Identity, Transference, Idealise


You were on level 3 of the Abyss.
You worshipped Hepliaklqana.
Hepliaklqana was exalted by your worship.
You visited 3 branches of the dungeon, and saw 21 of its levels.
You visited the Abyss 1 time.
You also visited: Ossuary, Bailey and Ice Cave.

You collected 2320 gold pieces.
You spent 104 gold pieces at shops.

Inventory:

Hand Weapons
 a - a +4 heavy sling
 D - a +0 shortbow
Armour
 f - a +0 pair of gloves (worn)
 t - a +1 pair of boots of flying (worn)
 F - a +1 leather armour of poison resistance
 H - a +2 hat of see invisible (worn)
 N - the +2 ring mail of the King of the Hill (worn) {rElec rC++}
   (You found it on level 2 of the Lair of Beasts)

   rC:        It greatly protects you from cold.
   rElec:     It insulates you from electricity.
 X - a +1 cloak (worn)
Jewellery
 c - an amulet of regeneration (around neck)
 l - a ring of willpower
 s - a ring of fire (right hand)
 w - a ring of ice
 K - a +4 ring of protection (left hand)
 V - a ring of resist corrosion
Wands
 i - a wand of flame (52)
 z - a wand of roots (3)
 O - a wand of charming (6)
Scrolls
 b - 5 scrolls of immolation {!r}
 d - 9 scrolls of poison {!r}
 e - 3 scrolls of blinking
 g - 3 scrolls of teleportation
 j - 7 scrolls of enchant armour
 u - 5 scrolls of fog
 y - 5 scrolls of enchant weapon
 A - 5 scrolls of vulnerability {!r}
 E - 2 scrolls of fear
 G - a scroll of brand weapon
 Q - 2 scrolls of magic mapping
Potions
 h - 4 potions of lignification {!q}
 k - a potion of haste
 m - 9 potions of curing {@q1}
 n - 10 potions of flight
 o - 3 potions of mutation {unknown}
 p - 3 potions of cancellation
 r - 3 potions of ambrosia
 v - a potion of invisibility
 x - a potion of might {unknown}
 B - 5 potions of heal wounds {@q2}
 C - 4 potions of magic
 I - a potion of degeneration {unknown}
 J - 7 potions of attraction {!q}
 M - 5 potions of berserk rage {unknown}
 U - a potion of resistance
 W - a potion of brilliance {unknown}
Miscellaneous
 L - a phantom mirror
 R - a condenser vane


   Skills:
 + Level 17.2 Fighting
 - Level 16.0 Ranged Weapons
 - Level 8.0 Armour
 - Level 10.0 Dodging
 - Level 0.7 Stealth
 - Level 16.0 Unarmed Combat
 - Level 15.0 Invocations
 - Level 4.0 Evocations


You had 14 spell levels left.
You didn't know any spells.
Your spell library contained the following spells:

 Spells                   Type           Power      Damage    Failure   Level
 Foxfire                  Conj/Fire      0%         2x1d4     54%         1
 Magic Dart               Conj           0%         1d3       54%         1
 Shock                    Conj/Air       0%         1d3       54%         1
 Cigotuvi's Dreadful Rot  Necr/Pois/Air  0%         N/A       69%         2
 Poisonous Vapours        Pois/Air       0%         N/A       69%         2
 Searing Ray              Conj           0%         2d4       69%         2
 Static Discharge         Conj/Air       0%         2-2/arc   69%         2
 Hailstorm                Conj/Ice       0%         3d3       90%         3
 Inner Flame              Hex/Fire       0%         N/A       90%         3
 Mephitic Cloud           Conj/Pois/Air  0%         N/A       90%         3
 Animate Armour           Summ/Erth      0%         N/A       100%        4
 Dispel Undead            Necr           0%         3d6       100%        4
 Fulminant Prism          Conj/Hex       0%         3d5       100%        4
 Ice Form                 Ice/Tmut       0%         N/A       100%        4
 Alistair's Intoxication  Tmut/Pois      0%         N/A       100%        5
 Blade Hands              Tmut           0%         N/A       100%        5
 Borgnjor's Vile Clutch   Necr/Erth      0%         N/A       100%        5
 Fireball                 Conj/Fire      0%         3d3       100%        5
 Freezing Cloud           Conj/Ice/Air   0%         6-21      100%        5
 Yara's Violent Unravell  Hex/Tmut       0%         3d3       100%        5
 Death Channel            Necr           0%         N/A       100%        6
 Eringya's Noxious Bog    Tmut/Pois      0%         N/A       100%        6
 Iron Shot                Conj/Erth      0%         9d1       100%        6
 Plasma Beam              Fire/Air       0%         2x1d11    100%        6
 Simulacrum               Ice/Necr       0%         N/A       100%        6
 Starburst                Conj/Fire      0%         6d3       100%        6
 Enfeeble                 Hex            0%         N/A       100%        7


Dungeon Overview and Level Annotations

Branches:
Dungeon (15/15)            Temple (1/1) D:5            Lair (5/5) D:11
  Swamp (0/4) Lair:3        Snake (0/4) Lair:2        Slime (0/5) Lair:4
    Orc (0/2) D:11         Vaults (0/5) D:13        Ossuary (visited)
 Bailey (visited)           IceCv (visited)
 Depths: D:15

Altars:
Ashenzari
Cheibriados
Dithmenos
Elyvilon
Fedhas
Gozag
Hepliaklqana
Kikubaaqudgha
Makhleb
Nemelex Xobeh
Okawaru
Qazlal
Ru
Sif Muna
Trog
Uskayaw
Vehumet
Wu Jian
Xom
Yredelemnul
Zin
The Shining One

Shops:
D:5 (*![   D:10 [

Annotations:
D:3 exclusion: downstairs
D:5 1 transporter
D:10 exclusion: downstairs
Lair:2 exclusion: 2 downstairs


Innate Abilities, Weirdness & Mutations

Your life essence is reduced to manifest your ancestor. (-10% HP)
You have a pair of horns on your head.
You reflexively headbutt those who attack you in melee.
[You have an uncontrollable temper.]
[You are very clumsy. (Dex -4)]
[You are extremely frail. (-30% HP)]
[Your spells are easier to cast, but less powerful.]


Message History

The iron shot hits you!!
A wretched star is nearby!
You hit the wretched star. Your headbutt misses the wretched star.
The wretched star is moderately damaged.
The wretched star pulses with an eldritch light!
You feel a little pissed off.
You feel extremely angry at everything!
You hit the wretched star.
The wretched star is heavily damaged.
The wretched star glows turbulently.
The lance of force hits you.
You are knocked back by the lance of force.
A white very ugly thing comes into view.
The white very ugly thing gurgles horribly!
You hear a roar!
The white very ugly thing headbutts you but does no damage.
You are too injured to fight recklessly!
You are too injured to fight recklessly!
You are too injured to fight recklessly!
You closely miss the white very ugly thing.
A red film seems to cover your vision as you go berserk!
You feel yourself moving faster!
You feel mighty!
You pummel the white very ugly thing!!
The white very ugly thing is moderately wounded.
The white very ugly thing headbutts you.
The white very ugly thing freezes you!! You resist.
* * * LOW HITPOINT WARNING * * *
You punch the white very ugly thing! You headbutt the white very ugly thing!
The white very ugly thing is heavily wounded.
The white very ugly thing headbutts you!
* * * LOW HITPOINT WARNING * * *
The white very ugly thing freezes you! You resist.
* * * LOW HITPOINT WARNING * * *
You punch the white very ugly thing! x2
The white very ugly thing is severely wounded.
You barely miss the white very ugly thing.
The white very ugly thing is severely wounded.
The white very ugly thing headbutts you.
* * * LOW HITPOINT WARNING * * *
The white very ugly thing freezes you!! You resist.
You die...

#.## # .. .#
.... # ##. #.#
#.#...###.###..
..#. . ....#...
..... ....#..
..##...#.#.#
#......... .##
####..#.##.*
#..#
.....###..#.#..#
#..#*#.##.*3#§
#.H*#..#.R§§.#
#..u.#.#. §#
.....#
#...##.#..# .#..
#.. #.... ......
# #..# ..#...
#....## #.#
#.....#.#...##
.# ##.#.#. #..#.
## .#.#.# .#....
## . .. #.


You could see a white very ugly thing and 2 wretched stars.

Vanquished Creatures
  Rupert (Lair:3)
  A tentacled starspawn (Abyss:3)
  A reaper (IceCv)
  A lorocyproca (Abyss:3)
  An ettin (D:11)
  Josephine (Lair:3)
  Snorg (D:11)
  2 hydras
  4 centaur warriors
  4 catoblepae
  2 dancing weapons (D:13)
  8 death yaks
  5 two-headed ogres
  2 boulder beetles
  2 tengu warriors (D:15)
  A deep troll shaman (Lair:5)
  Urug (Lair:4)
  Amaemon (Lair:1)
  6 skeletal warriors
  Lodul (D:13)
  3 bog bodies (Lair:3)
  7 slime creatures
  A lindwurm (Lair:5)
  A large abomination (Abyss:3)
  8 ugly things
  A deep elf pyromancer (D:15)
  A manticore (Lair:4)
  A worldbinder (Abyss:3)
  9 elephants
  7 cyclopes
  5 black mambas
  An ice statue (IceCv)
  A demonic crawler (Lair:2)
  6 cane toads
  A gargoyle (D:13)
  2 unseen horrors
  An orange demon (Lair:1)
  8 rime drakes
  3 anaconda simulacra (IceCv)
  An efreet (D:14)
  A torpor snail (Lair:4)
  5 komodo dragons
  A kobold demonologist (D:11)
  4 ice devils (IceCv)
  3 freezing wraiths
  4 tengu conjurers
  A hornet (shapeshifter) (D:14)
  3 meliai
  5 trolls (D:11)
  A hornet (D:8)
  3 polar bears
  A raiju (shapeshifter) (D:13)
  11 blink frogs
  A centaur simulacrum (D:11)
  A vampire (D:10)
  43 yaks
  2 ynoxinuls (Abyss:3)
  9 wyverns (Lair:4)
  4 wraiths
  4 shadows
  5 dire elephant simulacra (IceCv)
  7 vampire mosquitoes
  5 basilisks
  2 steam dragons
  A swamp worm (Lair:3)
  2 acid dragons
  20 water moccasins
  2 hell hounds (Lair:4)
  A hydra simulacrum (IceCv)
  10 orc warriors
  An ice beast (D:7)
  2 sky beasts
  A black bear (D:4)
  13 wolves
  6 ogres
  3 centaurs
  A kobold brigand (D:11)
  5 bullfrogs
  4 elf zombies
  2 gnoll sergeants
  2 scorpions
  2 cane toad simulacra
  2 elf skeletons (D:6)
  A wight (D:6)
  3 small abominations (Abyss:3)
  6 killer bees
  4 electric eels
  5 howler monkeys
  A centaur zombie (Ossuary)
  2 jellies
  Crazy Yiuf (D:7)
  3 hounds
  11 orc priests
  3 human zombies (Ossuary)
  2 iguanas
  Jessica (D:3)
  12 orc wizards
  A hell rat (Lair:4)
  2 polar bear simulacra
  A spriggan simulacrum (IceCv)
  A wolf simulacrum (IceCv)
  2 mummies (Ossuary)
  5 gnolls
  8 adders
  A naga simulacrum (IceCv)
  A shadow imp (D:6)
  2 white imps
  3 ufetubi
  A worm (D:4)
  3 dart slugs
  35 orcs
  10 bats
  7 endoplasms
  4 giant cockroaches
  14 goblins
  10 hobgoblins
  2 jackals (D:1)
  15 kobolds
  6 quokkas
  9 ball pythons
  A frilled lizard (D:2)
  6 hobgoblin zombies (Ossuary)
  A jackal zombie (Ossuary)
  9 kobold zombies (Ossuary)
  2 orc skeletons (D:6)
  4 orc zombies (Ossuary)
  5 rats
  2 rat zombies (D:3)
548 creatures vanquished.

Vanquished Creatures (collateral kills)
  Jorgrun (D:13)
  3 hydras
  An ogre mage (D:11)
  A boulder beetle (D:15)
  2 two-headed ogres
  A skyshark (Lair:5)
  2 skeletal warriors (D:14)
  A deep elf pyromancer (D:13)
  2 worldbinders (Abyss:3)
  A black mamba (Lair:2)
  4 elephants
  An ice statue (IceCv)
  3 cane toads
  2 rime drakes
  2 unseen horrors
  A tengu conjurer (D:10)
  4 komodo dragons
  2 trolls
  A blink frog (Lair:4)
  A centaur simulacrum (D:11)
  7 slime creatures
  A wyvern (Lair:4)
  14 yaks
  2 wraiths (Lair:3)
  2 basilisks
  A chaos spawn (Abyss:3)
  3 vampire mosquitoes
  2 steam dragons (D:7)
  2 swamp worms (Lair:3)
  A hydra simulacrum (IceCv)
  5 water moccasins
  2 small abominations (Abyss:3)
  A black bear (D:6)
  3 orc warriors
  A sky beast (D:6)
  4 ogres
  4 centaurs
  An elf zombie (Ossuary)
  6 bullfrogs
  A scorpion (D:7)
  2 wights (D:7)
  An elephant simulacrum (Lair:2)
  6 killer bees
  An electric eel (Lair:3)
  5 howler monkeys
  A human zombie (Ossuary)
  2 orc priests
  A hound (D:6)
  2 jellies
  3 orc wizards (D:11)
  4 hell rats (Lair:4)
  2 polar bear simulacra
  5 gnolls
  A shadow imp (D:7)
  12 orcs
  A ball python (D:4)
  3 hobgoblin zombies (Ossuary)
  3 kobold zombies (Ossuary)
  2 orc zombies (Ossuary)
  A rat zombie (Ossuary)
  A butterfly (Lair:1)
158 creatures vanquished.

Vanquished Creatures (others)
  34 knights
  3 ancestors
  A bush (Lair:5)
  52 fungi
  81 plants
  3 starspawn tentacles (Abyss:3)
174 creatures vanquished.

Grand Total: 880 creatures vanquished

Notes
Turn   | Place    | Note
-------+----------+-------------------------------------------
     0 | D:1      | Kenran the Minotaur Hunter began the quest for the Orb.
     0 | D:1      | Reached XP level 1. HP: 18/18 MP: 0/0
    28 | D:1      | Reached XP level 2. HP: 25/25 MP: 1/1
   185 | D:1      | Reached skill level 5 in Ranged Weapons
   584 | D:1      | Reached XP level 3. HP: 27/30 MP: 2/2
   986 | D:2      | Found a faded altar of an unknown god.
  1386 | D:2      | Reached XP level 4. HP: 37/37 MP: 3/3
  2026 | D:3      | Found a hide-covered altar of Uskayaw.
  2030 | D:3      | Noticed Jessica
  2045 | D:3      | Killed Jessica
  2206 | D:3      | Found a hazy altar of Hepliaklqana.
  2219 | D:3      | Became a worshipper of Hepliaklqana the Forgotten
  2263 | D:3      | Found an ancient bone altar of Kikubaaqudgha.
  2339 | D:3      | Reached XP level 5. HP: 42/42 MP: 4/4
  2666 | D:3      | Identified a scroll of acquirement
  2673 | D:3      | Acquired a manual of Unarmed Combat
  2709 | D:4      | Found a radiant altar of Vehumet.
  2986 | D:4      | Reached * piety under Hepliaklqana
  3185 | D:4      | Noticed a black bear
  3400 | D:4      | Reached XP level 6. HP: 40/45 MP: 5/5
  3780 | D:5      | Entered Level 5 of the Dungeon
  3820 | D:5      | Noticed a sky beast
  3838 | D:5      | Killed a sky beast
  3839 | D:5      | Reached XP level 7. HP: 50/50 MP: 6/6
  3861 | D:5      | Found Esukixku's General Store.
  4023 | D:5      | Found a blossoming altar of Fedhas.
  4067 | D:5      | Found a bloodstained altar of Trog.
  4140 | D:5      | Found Dulykk's Antique Weapon Boutique.
  4164 | D:5      | Found a staircase to the Ecumenical Temple.
  4572 | D:5      | Reached skill level 10 in Ranged Weapons
  4572 | D:5      | Reached skill level 3 in Fighting
  4572 | D:5      | Reached skill level 1 in Armour
  4715 | D:5      | Reached skill level 4 in Fighting
  4727 | D:5      | Noticed a steam dragon
  4735 | D:5      | Killed a steam dragon
  4736 | D:5      | Reached skill level 1 in Invocations
  4875 | D:5      | Found Suogymua's Armour Emporium.
  4912 | D:5      | Reached XP level 8. HP: 59/59 MP: 8/8
  4942 | D:5      | Found Sajie's Distillery.
  4946 | D:5      | Bought a potion of heal wounds for 65 gold pieces
  4946 | D:5      | Bought a potion of curing for 39 gold pieces
  5002 | D:5      | Found a white marble altar of Elyvilon.
  5148 | D:5      | Found a sparkling altar of Nemelex Xobeh.
  5148 | D:5      | Found a transporter.
  5148 | D:5      | Noticed a troll
  5258 | Temple   | Entered the Ecumenical Temple
  5429 | D:6      | Reached ** piety under Hepliaklqana
  5433 | D:6      | Remembered your ancestor Joni as a knight
  5503 | D:5      | Reached skill level 5 in Unarmed Combat
  5699 | D:6      | Reached skill level 5 in Fighting
  5738 | D:6      | Found a sand-covered staircase.
  5751 | Ossuary  | Entered an ossuary
  5962 | Ossuary  | Reached XP level 9. HP: 62/66 MP: 9/9
  6255 | D:6      | Acquired a +2 hat of see invisible
  6325 | D:6      | Found a glowing golden altar of the Shining One.
  6453 | D:7      | Found a broken altar of Ashenzari.
  6480 | D:7      | Reached skill level 6 in Fighting
  6507 | D:7      | Reached skill level 7 in Fighting
  6722 | D:7      | Found a flagged portal.
  6734 | Bailey   | Entered a bailey
  6953 | Bailey   | Reached skill level 10 in Unarmed Combat
  7423 | D:7      | Reached XP level 10. HP: 61/77 MP: 10/10
  7682 | D:7      | Found a glowing silver altar of Zin.
  7682 | D:7      | Noticed an angel
  7732 | D:7      | Found a runed translucent door.
  7733 | D:7      | Noticed Crazy Yiuf
  8019 | D:7      | Found a shimmering altar of Xom.
  8130 | D:7      | Killed Crazy Yiuf
  8190 | D:8      | Noticed a two-headed ogre
  8197 | D:8      | Killed a two-headed ogre
  8389 | D:8      | Identified the +7 mace of Zihuhakk {flame, *Corrode Dex+7}
  8435 | D:8      | Reached *** piety under Hepliaklqana
  8728 | D:8      | Identified the +9 dagger "Cecheni" {flame, Dex+2}
  9449 | D:9      | Noticed a two-headed ogre
  9456 | D:9      | Killed a two-headed ogre
  9466 | D:10     | Entered Level 10 of the Dungeon
  9539 | D:10     | Reached skill level 8 in Fighting
  9550 | D:10     | Acquired an amulet of regeneration
  9604 | D:10     | Reached **** piety under Hepliaklqana
  9669 | D:10     | Reached skill level 9 in Fighting
  9687 | D:10     | Reached XP level 11. HP: 53/89 MP: 11/11
  9754 | D:10     | Found Geprutug's Antique Armour Emporium.
  9769 | D:10     | Reached skill level 10 in Fighting
 10161 | D:10     | Found an iron altar of Okawaru.
 10963 | D:11     | Noticed an ogre mage
 10985 | D:11     | Killed an ogre mage
 11080 | D:11     | Noticed a two-headed ogre
 11085 | D:11     | Killed a two-headed ogre
 11157 | D:11     | Reached skill level 15 in Ranged Weapons
 11267 | D:11     | Noticed a sixfirhy
 11272 | D:11     | Reached skill level 5 in Invocations
 11285 | D:11     | Noticed a boulder beetle
 11293 | D:11     | Noticed an ettin
 11587 | D:11     | Killed an ettin
 11588 | D:11     | Reached XP level 12. HP: 95/95 MP: 14/14
 11782 | D:11     | Found a staircase to the Lair.
 11859 | D:11     | Noticed Snorg
 11861 | D:11     | Reached skill level 15 in Unarmed Combat
 11871 | D:11     | Upgraded the game from 0.30-a0-1124-g6e8f0f562f to
                  | 0.30-a0-1155-gf8af5b4991
 12075 | D:11     | Noticed a two-headed ogre
 12080 | D:11     | Killed a two-headed ogre
 12128 | D:11     | Killed a boulder beetle
 12322 | D:11     | Killed Snorg
 12382 | D:11     | Reached skill level 5 in Armour
 12388 | D:11     | Reached skill level 11 in Fighting
 12439 | D:11     | Found a staircase to the Orcish Mines.
 12564 | Lair:1   | Entered Level 1 of the Lair of Beasts
 12880 | Lair:1   | Identified the +5 rapier of the Hero {drain, *Rage rF++
                  | Int+3 Dex+3}
 12981 | Lair:1   | Noticed Amaemon
 13002 | Lair:1   | Killed Amaemon
 13003 | Lair:1   | Reached skill level 12 in Fighting
 13723 | Lair:2   | Reached ***** piety under Hepliaklqana
 13824 | Lair:2   | Found a staircase to the Snake Pit.
 13883 | Lair:2   | Found a frozen archway.
 13911 | Lair:2   | Identified the +2 ring mail of the King of the Hill {rElec
                  | rC++}
 13927 | IceCv    | Entered an ice cave
 13953 | IceCv    | Reached XP level 13. HP: 106/106 MP: 18/18
 14442 | IceCv    | Noticed a reaper
 14452 | IceCv    | Killed a reaper
 14871 | Lair:2   | Reached skill level 13 in Fighting
 15021 | Lair:2   | Found a basalt altar of Yredelemnul.
 15034 | Lair:2   | Identified the +3 quarterstaff "Riog" {freeze, Int+6}
 15308 | Lair:3   | Noticed Rupert
 15309 | Lair:3   | Upgraded the game from 0.30-a0-1155-gf8af5b4991 to
                  | 0.30-a0-1160-g6e42c06551
 15377 | Lair:3   | Paralysed by Rupert for 4 turns
 15537 | Lair:3   | Found a staircase to the Swamp.
 15548 | Lair:3   | Reached skill level 14 in Fighting
 15725 | Lair:3   | Paralysed by Rupert for 2 turns
 15736 | Lair:3   | Paralysed by Rupert for 5 turns
 15961 | Lair:2   | Reached skill level 5 in Dodging
 16460 | Lair:4   | Got Voinnim's Precepts of Arcane Combat
 16508 | Lair:5   | Entered Level 5 of the Lair of Beasts
 16809 | Lair:5   | Reached XP level 14. HP: 90/118 MP: 19/19
 17378 | Lair:5   | Reached ****** piety under Hepliaklqana
 17549 | Lair:5   | Reached skill level 10 in Invocations
 18183 | Lair:4   | Found a staircase to the Slime Pits.
 18292 | Lair:4   | Reached skill level 15 in Fighting
 18582 | Lair:4   | Noticed Urug
 18596 | Lair:4   | Killed Urug
 19114 | Lair:3   | Noticed Josephine
 19125 | Lair:3   | Killed Josephine
 19418 | Lair:3   | Identified the +4 falchion of Rebasano {heavy, rElec}
 19930 | Lair:3   | Killed Rupert
 19931 | Lair:3   | Reached skill level 16 in Fighting
 20138 | Lair:3   | Found a staircase to the Swamp.
 20343 | D:12     | Reached XP level 15. HP: 56/129 MP: 23/23
 20357 | D:12     | Reached skill level 1 in Evocations
 20473 | D:12     | You are sucked into a shaft and drop 3 floors!
 20473 | D:15     | Entered Level 15 of the Dungeon
 21206 | D:13     | Noticed Jorgrun
 21229 | D:13     | Killed Jorgrun
 21416 | D:13     | Found a gate to the Vaults.
 21467 | D:13     | Acquired a manual of Invocations
 21717 | D:14     | Noticed Lodul
 21738 | D:14     | Reached skill level 10 in Dodging
 21747 | D:13     | Killed Lodul
 22700 | D:15     | Identified the +2 quarterstaff of a bailey {flame, +Blink
                  | Will++ Str-2 Dex+2}
 22781 | D:15     | Reached skill level 15 in Invocations
 23027 | Abyss:3  | Cast into level 3 of the Abyss (a wizard)
 23060 | Abyss:3  | Found a corrupted altar of Lugonu.
 23191 | Abyss:3  | Reached skill level 17 in Fighting
 23214 | Abyss:3  | Noticed a tentacled starspawn
 23232 | Abyss:3  | Killed a tentacled starspawn
 23285 | Abyss:3  | HP: 5/132 [white very ugly thing (4)]
 23285 | Abyss:3  | Demolished by a white very ugly thing

Illustrated notes

Levels and vault maps discovered:
D:1:      lightli_arrival_chessboard, layout_basic, solitary_fountain,
          minmay_pentomino_w2
D:2:      layout_basic, hellmonk_ecumenical_altar_lost_god, serial_aquarium,
          aquarium_bridge_straight [aquarium_subvault_bridge,
          aquarium_subvault_balcony, aquarium_subvault_bridge,
          aquarium_subvault_wall], aquarium_bridge_square
          [aquarium_subvault_balcony, aquarium_subvault_bridge,
          aquarium_subvault_balcony, aquarium_subvault_bridge],
          aquarium_window_2, aquarium_window_fake, aquarium_window_corner,
          aquarium_window_corridor_3, aquarium_view_2a, aquarium_view_2f,
          aquarium_balcony_double_1, aquarium_pool_S
D:3:      layout_loops_ring, mainiacjoe_overflow_chevrons,
          lemuel_zombie_altar_kikubaaqudgha, mainiacjoe_overflow_alcove_4,
          uniq_jessica
D:4:      layout_basic, mainiacjoe_overflow_concentric_impassable,
          roderic_lattice_a, minmay_pentangle
D:5:      layout_loops_corners, grunt_nemelex_the_gamble, lemuel_crystal_altar,
          marbit_many_paths, nicolae_overflow_crystal_walls, temple_green,
          serial_shops, nicolae_shop_pleasant_corner_grove,
          nicolae_shop_tiny_glass, nicolae_shop_rolling_square,
          nicolae_shop_tiny_glass
D:6:      layout_cave_pools, mainiacjoe_overflow_six_doors_small,
          nicolae_ossuary_entry_catacombs
D:7:      layout_basic, lemuel_round_altar, mainiacjoe_overflow_alcove_2,
          zin_angel, enter_bailey_3, uniq_crazy_yiuf_cottage
D:8:      layout_loops_ring
D:9:      layout_loops_ring
D:10:     layout_roguey, kennysheep_mini_moat, serial_shops, shop,
          minmay_fractal_squares_diagonal_5
D:11:     nzn_winding_woodlands_large [nzn_winding_woodlands_5x5_default,
          nzn_winding_woodlands_5x15_jagged, nzn_winding_woodlands_5x5_three,
          nzn_winding_woodlands_center_garden,
          nzn_winding_woodlands_15x15_eel_pit,
          nzn_winding_woodlands_center_pierced_h,
          nzn_winding_woodlands_hourglass, nzn_winding_woodlands_5x15_pockets,
          nzn_winding_woodlands_5x5_closed_star], layout_loops_ring,
          lair_entry_dummy, david_orc_4, minivault_5, uniq_snorg
D:12:     layout_roguey, serial_glass, glass_columns_b, glass_columns_b,
          glass_columns_c, glass_columns_a, minmay_splitting_lines,
          corner_web_ring
D:13:     layout_rooms, erik_vaults_1, serial_corexii_hall,
          corexii_hall_statues_x, chequers_hall_statues_y, uniq_jorgrun
D:14:     layout_gridville, uniq_lodul
D:15:     hangedman_depths_entry_civil_slaughter, layout_basic,
          minmay_misc_feat_square, ebering_dispersal_statue_hall
Temple:   nicolae_temple_figure_zero
Lair:1:   layout_small_grid, lemuel_fruit_fields, lemuel_fruit_fields,
          grunt_megastairs_4, uniq_amaemon
Lair:2:   layout_loops_ring, minmay_snake_entry_six_corridors,
          portal_ice_cave_entry_ice_simulacra, basic_altar
Lair:3:   layout_long_grid, nicolae_swamp_entry_splash_gauntlet, worms_lemuel,
          uniq_rupert, uniq_josephine
Lair:4:   beast_lair_carwin_large_3, layout_misc_corridors, slime_entry_1,
          special_room [special_room_mythical_zoo],
          dreamdust_deal_with_the_devil, serial_bayou_ford_a, uniq_urug
Lair:5:   grunt_lair_end_beastmaster, layout_gridlike,
          chequers_serial_rivers_small_a
Abyss:3:  base: D:9, hangedman_decor_peaks_small,
          grunt_abyss_rune_wretched_hive, eino_small_chamber_without_monster,
          minivault_5

Skill      XL: |  1  2  3  4  5  6  7  8  9 10 11 12 13 14 15 |
---------------+----------------------------------------------+-----
Ranged Weapons | 5 6 7 8 9 10 11 12 14 15 16 | 16.0
Fighting       | 4 5 7 9 10 12 14 16 17 | 17.2
Armour         | 2 5 6 8 |  8.0
Unarmed Combat | 3 7 10 12 14 15 16 | 16.0
Invocations    | 1 2 5 8 12 15 | 15.0
Dodging        | 4 8 10 | 10.0
Evocations     | 4 |  4.0
Stealth        | |  0.7

Action                     |  1- 3 |  4- 6 |  7- 9 | 10-12 | 13-15 || total
---------------------------+-------+-------+-------+-------+-------++-------
  Melee: Unarmed           |       |       |       |    61 |   613 ||   674
         Headbutt          |       |       |       |    15 |   187 ||   202
         Punch             |       |       |       |     2 |    88 ||    90
         Shortbow          |       |       |       |       |     1 ||     1
   Fire: Shortbow          |   121 |   162 |   428 |   858 |   473 ||  2042
         Sling             |       |       |       |       |   360 ||   360
 Invoke: Ancestor Identity |       |     1 |       |       |       ||     1
         Recall Ancestor   |       |       |     3 |     5 |     9 ||    17
         Ancestor Life: Kn |       |       |     1 |       |       ||     1
  Evoke: Wand              |       |       |       |    17 |     1 ||    18
         Phantom mirror    |       |       |       |     2 |     2 ||     4
         Condenser vane    |       |       |       |     1 |     2 ||     3
    Use: Scroll            |       |     7 |     3 |    10 |    15 ||    35
         Potion            |       |       |     1 |       |     2 ||     3
   Stab: Distracted        |       |       |       |       |     5 ||     5
         Petrified         |       |       |       |       |    10 ||    10
 Armour: Leather armour    |    16 |       |       |       |       ||    16
         Ring mail         |     2 |    23 |       |       |   412 ||   437
         Scale mail        |       |     5 |    72 |   206 |       ||   283
  Dodge: Dodged            |    43 |    39 |    83 |   220 |   574 ||   959
  Block: Other             |       |    10 |    54 |    10 |       ||    74
         Reflection        |       |       |     4 |     2 |       ||     6

Table legend: (Time is in decaauts)
 A = Elapsed time spent in this place.
 B = Non-inter-level travel time spent in this place.
 C = Inter-level travel time spent in this place.
 D = Time resting spent in this place.
 E = Time spent auto-exploring this place.
 F = Levels seen in this place.
 G = Mean time per level.
                   A        B        C        D        E       F      G
               +--------+--------+--------+--------+--------+-----+--------+
         Total |  23141 |  22175 |    966 |   3619 |  11381 |  25 |  925.6 |
       Dungeon |  14425 |  13748 |    677 |   2116 |   7793 |  15 |  961.7 |
        Temple |    123 |    114 |      9 |      0 |    109 |   1 |  123.0 |
          Lair |   6710 |   6430 |    280 |    946 |   3178 |   5 | 1342.0 |
         Abyss |    242 |    242 |      0 |     40 |      0 |   1 |  242.0 |
       Ossuary |    323 |    323 |      0 |      0 |    103 |   1 |  323.0 |
        Bailey |    660 |    660 |      0 |    220 |     99 |   1 |  660.0 |
      Ice Cave |    655 |    655 |      0 |    296 |     99 |   1 |  655.0 |
               +--------+--------+--------+--------+--------+-----+--------+

Top non-repeatable levels by time:
    D:11: 2027 daAuts
  Lair:3: 1672 daAuts
     D:5: 1672 daAuts
  Lair:5: 1633 daAuts
  Lair:2: 1293 daAuts
  Lair:4: 1132 daAuts
     D:7: 1106 daAuts
    D:10: 1094 daAuts
     D:2: 1060 daAuts
     D:4: 1026 daAuts
    D:13: 1003 daAuts
  Lair:1: 978 daAuts
     D:3: 922 daAuts
     D:1: 846 daAuts
     D:9: 754 daAuts
